 Dungeon Crawl Stone Soup version 0.25-a0-670-g50981ef59b (webtiles) character file.

Game seed: 5407470047613824383, levelgen mode: deterministic

7065 Armakuni the Pacifist (level 11, -2/87 HPs)
             Began as a Human Monk on Mar 29, 2020.
             Was an Elder of Elyvilon.
             Engulfed by a cloud of freezing vapour (20 damage)
             ... on level 9 of the Dungeon.
             The game lasted 00:35:46 (10313 turns).

Armakuni the Pacifist (Human Monk)                 Turns: 10313, Time: 00:35:47

Health: -2/87      AC: 20    Str: 14    XL:     11   Next: 30%
Magic:  13/18      EV: 19    Int:  9    God:    Elyvilon [****..]
Gold:   454        SH:  3    Dex: 20    Spells: 10/10 levels left

rFire    . . .     SeeInvis .   a - +4 flail (protect)
rCold    . . .     Gourm    .   (no shield)
rNeg     + . .     Faith    .   C - +3 troll leather armour
rPois    .         Spirit   .   G - +0 helmet
rElec    .         Reflect  +   I - +0 cloak
rCorr    .         Harm     .   y - +2 pair of gloves of an ice cave {Int-2 Dex+4 Stlth+}
MR       .....                  (no boots)
Stlth    +++.......             H - +3 amulet of reflection
HPRegen  0.64/turn              N - ring of positive energy
MPRegen  0.16/turn              E - +3 ring of evasion

@: protection aura
A: no striking features
a: Lesser Healing, Heal Other, Purification, Greater Healing, Divine Protection,
Renounce Religion


You were on level 9 of the Dungeon.
You worshipped Elyvilon.
Elyvilon was greatly pleased with you.
You were not hungry.

You visited 2 branches of the dungeon, and saw 10 of its levels.
You also visited: Ossuary.

You collected 454 gold pieces.

Inventory:

Hand Weapons
 a - a +4 flail of protection (weapon)
 b - a +0 whip of venom
 f - a +0 dire flail
 B - a +3 scimitar of flaming
Missiles
 e - 35 sling bullets
 g - 2 atropa-tipped darts
 i - 45 poisoned darts (quivered)
 r - 6 datura-tipped darts
 u - 4 silver boomerangs
Armour
 o - a +0 plate armour
 y - the +2 pair of gloves of an ice cave (worn) {Int-2 Dex+4 Stlth+}
   (You found it on level 7 of the Dungeon)

   It affects your intelligence (-2).
   It affects your dexterity (+4).
   It makes you more stealthy.
 C - a +3 troll leather armour (worn)
 G - a +0 helmet (worn)
 I - a +0 cloak (worn)
Magical Staves
 s - an uncursed staff of cold
Jewellery
 E - a +3 ring of evasion (right hand)
 F - an uncursed ring of protection from fire
 H - a +3 amulet of reflection (around neck)
 L - an uncursed ring of flight
 N - a ring of positive energy (left hand)
Wands
 n - a wand of polymorph (3)
Scrolls
 j - 6 scrolls of identify
 l - a scroll of magic mapping
 m - 5 scrolls of remove curse
 q - a scroll of noise
 t - a scroll of fear
 x - a scroll of immolation
Potions
 d - 5 potions of ambrosia
 h - a potion of haste
 k - a potion of brilliance
 p - a potion of berserk rage
 v - 2 potions of lignification
 w - 5 potions of curing
 z - 3 potions of might
 A - 2 potions of stabbing {unknown}
 D - a potion of invisibility
Comestibles
 c - 11 rations


   Skills:
 + Level 8.4 Fighting
 - Level 8.8 Maces & Flails
   Level 2.2 Polearms
 - Level 5.3 Armour
 - Level 6.2 Dodging
 - Level 2.0 Stealth
 - Level 10.0 Invocations


You had 10 spell levels left.
You didn't know any spells.
Your spell library contained the following spells:

 Spells                   Type           Power        Failure   Level  Hunger
 Magic Dart               Conj           #...         45%         1    ##.....
 Sandblast                Erth           #.....       45%         1    ##.....
 Blink                    Tloc           N/A          58%         2    ###....
 Call Imp                 Summ           #.......     58%         2    ###....
 Passwall                 Tmut/Erth      #.......     58%         2    ###....
 Slow                     Hex            #.......     58%         2    ###....
 Conjure Flame            Conj/Fire      #.......     83%         3    ####...
 Mephitic Cloud           Conj/Pois/Air  #.......     83%         3    ####...
 Stone Arrow              Conj/Erth      #.....       83%         3    ####...
 Petrify                  Tmut/Erth      #.......     99%         4    #####..
 Lee's Rapid Deconstruct  Erth           #.........   100%        5    ######.


Dungeon Overview and Level Annotations

Branches:
Dungeon (9/15)             Temple (1/1) D:5            Lair (0/6) D:9
Ossuary (visited)
    Orc: D:9-12

Altars:
Ashenzari
Cheibriados
Dithmenos
Elyvilon
Fedhas
Gozag
Hepliaklqana
Kikubaaqudgha
Makhleb
Nemelex Xobeh
Okawaru
Qazlal
Ru
Sif Muna
Trog
Uskayaw
Vehumet
Wu Jian
Xom
Yredelemnul
Zin
The Shining One

Shops:
D:5 [   D:9 =(


Message History

You are engulfed in freezing vapours.
* * * LOW HITPOINT WARNING * * *
The jelly barely misses you.
You are healed.
You feel somewhat more hungry.
You are engulfed in freezing vapours.
* * * LOW HITPOINT WARNING * * *
The jelly closely misses you.
You are healed.
You feel somewhat more hungry.
You are engulfed in freezing vapours.
* * * LOW HITPOINT WARNING * * *
The jelly hits you but does no damage.
You are healed.
You feel somewhat more hungry.
You are engulfed in freezing vapours.
* * * LOW HITPOINT WARNING * * *
The jelly hits you but does no damage.
Okay, then.
Unknown command.
You are healed.
You feel somewhat more hungry.
You are engulfed in freezing vapours.
You die...

#...# #.# #........# #...#
#.# #...# #.# #...# #.#
#...# #.# #...# #.# .
#...# #.# ...
#...####.#########.....
#...........ยงยงยง@J......
#######################


You could see a jelly.

Vanquished Creatures
  Erica (D:9)
  Maggie (D:9)
  A troll (D:8)
  Prince Ribbit (D:5)
  2 hippogriffs (D:8)
  Sigmund (D:2)
  A hungry ghost (D:9)
  Menkaure (D:5)
  A water moccasin (D:9)
  3 orc warriors
  An ice beast (D:8)
  4 phantoms
  A sky beast (D:4)
  4 ogres
  4 centaurs
  2 big kobolds (D:9)
  An elf zombie (Ossuary)
  4 bullfrogs
  A gnoll sergeant (D:9)
  4 scorpions
  11 killer bees
  3 wights (D:7)
  A howler monkey (D:8)
  4 crimson imps
  2 centaur zombies (Ossuary)
  2 jellies
  A bullfrog zombie (D:6)
  4 hounds
  2 human zombies (Ossuary)
  A quasit (D:9)
  A bullfrog skeleton (D:9)
  2 orc priests
  A gnoll shaman (D:4)
  7 orc wizards
  Ijyb (D:4)
  4 iguanas
  3 hell rats (D:8)
  7 worker ants
  3 big kobold zombies (Ossuary)
  4 hound zombies
  3 mummies (Ossuary)
  A worker ant zombie (D:5)
  Robin (D:3)
  A howler monkey skeleton (D:4)
  28 gnolls
  9 river rats (D:8)
  17 adders
  A shadow imp (D:8)
  2 oozes
  An adder zombie (Ossuary)
  3 worms
  2 dart slugs
  7 leopard geckos
  32 orcs
  A ball python (D:2)
  8 bats
  6 giant cockroaches
  2 gnoll zombies (Ossuary)
  12 goblins
  9 hobgoblins
  13 quokkas
  4 frilled lizards
  2 goblin zombies (Ossuary)
  5 hobgoblin zombies (Ossuary)
  6 jackal zombies (Ossuary)
  16 kobolds
  5 kobold zombies (Ossuary)
  A leopard gecko skeleton (D:7)
  An orc zombie (Ossuary)
  4 quokka zombies
  23 rats
  3 rat zombies (Ossuary)
332 creatures vanquished.

Vanquished Creatures (others)
  A killer bee (D:7)
  An orc wizard (D:5)
  A kobold (D:9)
3 creatures vanquished.

Grand Total: 335 creatures vanquished

Notes
Turn   | Place    | Note
-------+----------+-------------------------------------------
     0 | D:1      | Armakuni the Human Monk began the quest for the Orb.
     0 | D:1      | Reached XP level 1. HP: 18/18 MP: 1/1
   179 | D:1      | Reached XP level 2. HP: 24/24 MP: 2/2
   442 | D:1      | Reached XP level 3. HP: 29/29 MP: 3/3
  1055 | D:2      | Reached skill level 1 in Polearms
  1065 | D:2      | Reached XP level 4. HP: 30/36 MP: 4/4
  1440 | D:2      | Noticed Sigmund
  1459 | D:2      | Killed Sigmund
  1459 | D:2      | Reached XP level 5. HP: 26/43 MP: 5/5
  1459 | D:2      | Reached XP level 6. HP: 29/49 MP: 6/6
  2481 | D:3      | Noticed Robin
  2504 | D:3      | Killed Robin
  2871 | D:3      | Reached XP level 7. HP: 55/55 MP: 7/7
  3170 | D:4      | Reached skill level 5 in Fighting
  3789 | D:4      | Noticed Ijyb
  3812 | D:4      | Killed Ijyb
  3828 | D:3      | Found a sparkling altar of Nemelex Xobeh.
  3891 | D:4      | Reached skill level 5 in Dodging
  4017 | D:4      | Reached XP level 8. HP: 42/63 MP: 8/8
  4519 | D:5      | Entered Level 5 of the Dungeon
  4581 | D:5      | Found a hide-covered altar of Uskayaw.
  4581 | D:5      | Noticed a +0 dagger
  4582 | D:5      | Noticed a +0 hand axe
  4588 | D:5      | Found Kaoquf's Antique Armour Shoppe.
  4793 | D:5      | Noticed Prince Ribbit
  4811 | D:5      | Killed Prince Ribbit
  4811 | D:5      | Reached skill level 5 in Armour
  5076 | D:5      | Noticed Menkaure
  5413 | D:5      | Found a staircase to the Ecumenical Temple.
  5423 | Temple   | Entered the Ecumenical Temple
  5515 | Temple   | Became a worshipper of Elyvilon the Healer
  5515 | Temple   | Reached * piety under Elyvilon
  5515 | Temple   | Reached ** piety under Elyvilon
  5654 | D:5      | Reached XP level 9. HP: 69/69 MP: 9/9
  5842 | D:5      | Killed Menkaure
  5842 | D:5      | Reached skill level 5 in Maces & Flails
  5842 | D:5      | Reached skill level 1 in Invocations
  5987 | D:5      | Reached skill level 2 in Invocations
  6136 | D:6      | Reached skill level 3 in Invocations
  6566 | D:7      | Reached skill level 4 in Invocations
  6630 | D:7      | Reached skill level 5 in Invocations
  6784 | D:7      | Reached skill level 6 in Invocations
  6831 | D:7      | Reached XP level 10. HP: 29/76 MP: 14/14
  6897 | D:7      | Found a stormy altar of Qazlal.
  6970 | D:7      | Got a pair of jewelled gloves
  6981 | D:7      | Identified the +2 pair of gloves of an ice cave {Int-2
                  | Dex+4 Stlth+} (You found it on level 7 of the Dungeon)
  7246 | D:7      | Reached *** piety under Elyvilon
  7686 | D:8      | Reached skill level 7 in Invocations
  7850 | D:8      | Found a sand-covered staircase.
  7859 | Ossuary  | Entered an ossuary
  8294 | D:8      | Reached skill level 8 in Invocations
  8363 | D:8      | Reached **** piety under Elyvilon
  9237 | D:9      | Found Jaatizuewu's Weapon Shop.
  9496 | D:8      | Reached skill level 9 in Invocations
  9609 | D:9      | Noticed Erica
  9635 | D:9      | Killed Erica
  9635 | D:9      | Reached XP level 11. HP: 79/84 MP: 16/18
  9784 | D:9      | Reached skill level 10 in Invocations
  9963 | D:9      | Found a staircase to the Lair.
 10129 | D:9      | Found Nedat's Jewellery Shop.
 10153 | D:9      | Noticed Maurice
 10154 | D:9      | Noticed Maurice
 10154 | D:9      | Maurice changed into Maurice the big kobold
 10167 | D:9      | Killed Maurice the big kobold
 10292 | D:9      | Noticed Maggie
 10308 | D:9      | Killed Maggie
 10313 | D:9      | Engulfed by a cloud of freezing vapour

Levels and vault maps discovered:
D:1:      mrwooster_arrival_statue_3, layout_loops_corners,
          minmay_stone_trees_medium, minmay_heptomino_d4
D:2:      wad_woods_tower, layout_basic, uniq_sigmund
D:3:      lemuel_upstairs_altar, layout_loops_ring, first_ration,
          chequers_arboretum, uniq_robin
D:4:      layout_basic, serial_glass, glass_columns_a, glass_columns_b,
          uniq_ijyb
D:5:      layout_loops_ring, dancing_weapons_uskayaw,
          minmay_temple_entry_arrows, serial_shops, shop,
          minmay_a_box_with_orc_wizards_in_it, uniq_prince_ribbit1,
          uniq_menkaure
D:6:      layout_rooms
D:7:      layout_basic, nicolae_qazlal_general_emergency
D:8:      lemuel_ratsnest, layout_basic, nicolae_ossuary_entry_ruins
D:9:      layout_long_grid, lair_entry_dummy, serial_shops, shop,
          shop_fountains, nicolae_shop_competitors_out_of_business,
          uniq_maurice, uniq_erica, uniq_maggie
Temple:   dpeg_three_leaves_temple

Skill      XL: |  1  2  3  4  5  6  7  8  9 10 11 |
---------------+----------------------------------+-----
Polearms       | 1 2 |  2.2
Fighting       | 4 5 6 7 8 |  8.4
Armour         | 2 4 5 |  5.3
Dodging        | 4 5 6 |  6.2
Maces & Flails | 4 6 8 |  8.8
Invocations    | 6 9 10 | 10.0
Stealth        | |  2.0

Action                   |  1- 3 |  4- 6 |  7- 9 | 10-12 || total
-------------------------+-------+-------+-------+-------++-------
Melee: Mace              |    66 |       |       |       ||    66
       Spear             |    14 |   135 |   332 |    24 ||   505
       Flail             |       |       |   131 |   515 ||   646
       Whip              |       |       |       |    75 ||    75
Throw: Dart              |       |       |     6 |    11 ||    17
Invok: Lesser Healing    |       |       |     6 |    21 ||    27
       Heal Other        |       |       |     1 |       ||     1
       Purification      |       |       |       |     1 ||     1
Evoke: Wand              |       |       |    25 |     2 ||    27
  Use: Scroll            |     4 |     6 |     9 |     8 ||    27
       Potion            |       |       |       |     1 ||     1
 Stab: Sleeping          |     1 |     6 |     3 |     5 ||    15
       Distracted        |     1 |       |     2 |     1 ||     4
  Eat: Chunk             |     1 |     5 |     7 |    12 ||    25
       Ration            |       |       |     2 |     2 ||     4
Armor: Robe              |     6 |       |       |       ||     6
       Ring mail         |    16 |    28 |    84 |       ||   128
       Scale mail        |       |       |    32 |   130 ||   162
       Troll leather arm |       |       |       |    64 ||    64
Dodge: Dodged            |    47 |    60 |   304 |   483 ||   894
Block: Other             |       |       |       |    30 ||    30
       Reflection        |       |       |       |     1 ||     1

Table legend:
 A = Non-vault XP
 B = Vault XP
 C = Vault XP percentage of total XP
 D = Non-vault monster count
 E = Vault monster count
 F = Vault count percentage of total count
                 A         B        C        D         E       F
            +---------+---------+-------+---------+---------+-------
      Total |    7108 |    2953 |  29.4 |     233 |     101 |  30.2
            +---------+---------+-------+---------+---------+-------
        D:1 |      46 |       3 |   6.1 |      22 |       3 |  12.0
        D:2 |     135 |     249 |  64.8 |      21 |       7 |  25.0
        D:3 |      67 |      34 |  33.7 |      19 |      11 |  36.7
        D:4 |     949 |      36 |   3.7 |      25 |       1 |   3.8
        D:5 |     293 |     546 |  65.1 |      27 |       5 |  15.6
        D:6 |     285 |       0 |   0.0 |      13 |       0 |   0.0
        D:7 |    1590 |       0 |   0.0 |      39 |       0 |   0.0
        D:8 |    2309 |     241 |   9.5 |      34 |      30 |  46.9
        D:9 |    1434 |    1359 |  48.7 |      33 |       3 |   8.3
    Ossuary |       0 |     485 | 100.0 |       0 |      41 | 100.0
            +---------+---------+-------+---------+---------+-------
